 Dungeon Sprint DCSS version 0.20.1-1-g8b1a95d (webtiles) character file.

54 suicidejoker the Shield-Bearer (level 7, -6/48 HPs)
             Began as a Gargoyle Fighter on Aug 28, 2017.
             Was a Priest of Makhleb.
             Mangled by a spiny frog (15 damage)
             ... in the Dungeon (Sprint VI: "Thunderdome").
             The game lasted 00:03:34 (424 turns).

suicidejoker the Shield-Bearer (Gargoyle Fighter)    Turns: 424, Time: 00:03:34

Health: -6/48      AC: 14    Str: 19    XL:     7   Next: 28%
Magic:  14/14      EV: 10    Int:  9    God:    Makhleb [***...]
Gold:   260        SH: 10    Dex: 11    Spells: 16/16 levels left

rFire    . . .     SeeInvis .   a - +0 war axe
rCold    . . .     Gourm    .   c - +0 shield
rNeg     + . .     Faith    .   b - +0 scale mail
rPois    ∞         Spirit   .   (no helmet)
rElec    +         Reflect  .   p - +0 cloak
rCorr    .         Harm     .   (no gloves)
MR       .....     NoTele   +   (no boots)
Stlth    ..........             (no amulet)
Regen    0.2/turn               (no ring)
MPRegen  0.2/turn               (no ring)

@: hasted, very quick
A: negative energy resistance 1, electricity resistance, unbreathing,
petrification resistance, rot immunity, AC +4
a: Minor Destruction, Lesser Servant of Makhleb, Renounce Religion


You were in the Dungeon.
You worshipped Makhleb.
Makhleb was most pleased with you.
You were not hungry.

You visited 1 branch You collected 260 gold pieces.

Inventory:

Hand Weapons
 a - a +0 war axe (weapon)
Armour
 b - a +0 scale mail (worn)
 c - a +0 shield (worn)
 p - a +0 cloak (worn)
Wands
 m - a wand of acid (5/15)
 n - a wand of iceblast (5/15)
Scrolls
 k - 4 scrolls of blinking
 o - 3 scrolls of fog
Potions
 d - a potion of might
 e - a potion of curing
 h - 3 potions of haste
 i - 2 potions of magic
 j - a potion of berserk rage
 l - a potion of resistance
Comestibles
 f - a bread ration


   Skills:
 + Level 7.0 Fighting
 + Level 5.4 Axes
 + Level 7.1 Armour
 + Level 4.7 Dodging
 + Level 7.1 Shields
 + Level 5.1 Spellcasting
 + Level 5.0 Evocations


You had 16 spell levels left.
You didn't know any spells.

Dungeon Overview and Level Annotations

Branches:
Dungeon (1/1)

Altars:
Cheibriados
Dithmenos
Fedhas
Gozag
Kikubaaqudgha
Makhleb
Okawaru
Qazlal
Ru
Sif Muna
Trog
Uskayaw
Vehumet
Xom
Yredelemnul
Zin
The Shining One
Beogh
Jiyva
Lugonu

Shops:
D *[%??*?*:[((!!!!


Innate Abilities, Weirdness & Mutations

You are resistant to torment.
Your stone body is resilient. (AC +4)
You are immune to poison.
You resist negative energy. (rN+)
You are resistant to electric shocks. (rElec)
You can survive without breathing.
You are immune to petrification.
You are immune to rotting.


Message History

You hit the spiny frog.
The spiny frog stings you but does no damage.
The spiny frog stings you!
You closely miss the spiny frog.
The spiny frog is moderately wounded.
You slash the spiny frog! You block the spiny frog's attack.
The spiny frog barely misses you.
You hit the spiny frog.
The spiny frog is heavily wounded.
You hit the spiny frog but do no damage.
You block the spiny frog's attack. The spiny frog misses you.
You closely miss the spiny frog.
The spiny frog is heavily wounded.
You hit the spiny frog but do no damage.
You block the spiny frog's attack. The spiny frog stings you!
* * * LOW HITPOINT WARNING * * *
You closely miss the spiny frog.
The spiny frog is severely wounded.
You closely miss the spiny frog. The spiny frog stings you!
You die...

#∩.......∩# #........_#
#_........# #_......._#
###.........###
#⌠....)......⌠#
######.8....[....8.######
##∩___)...FF###.÷....___∩##
##∩........8@# #.8........∩#
#............[###............
#⌠..........###...###.$.......
#⌠..........# #.<.# #.).......
#⌠..........###...###.........
##.............###............
###∩........8.# #.8........∩#
##∩___......###......_._∩##
######.8.........8.######


You could see 2 spiny frogs.

Vanquished Creatures
  4 necrophages (D)
  A bullfrog (D)
  A wight (D)
  Crazy Yiuf (D)
  2 gnoll shamans (D)
  2 gnolls (D)
  A bat zombie (D)
12 creatures vanquished.

Notes
Turn   | Place    | Note
-------+----------+-------------------------------------------
     0 | D        | suicidejoker the Gargoyle Fighter began the quest for the Orb.
     0 | D        | Reached XP level 1. HP: 14/14 MP: 1/1
     0 | D        | Found a glowing golden altar of the Shining One.
     0 | D        | Found a radiant altar of Vehumet.
     3 | D        | Found an iron altar of Okawaru.
     3 | D        | Found a snail-covered altar of Cheibriados.
     4 | D        | Found a roughly hewn altar of Beogh.
     5 | D        | Found a shadowy altar of Dithmenos.
     5 | D        | Found a sacrificial altar of Ru.
     5 | D        | Round 1.
     6 | D        | Found Avimuq's Do-It-Yourself Clinic.
     6 | D        | Found a hide-covered altar of Uskayaw.
     6 | D        | Found an ancient bone altar of Kikubaaqudgha.
     6 | D        | Found Mafi's Distillery.
     7 | D        | Found Marur's Bottled Wisdom.
     7 | D        | Found Feqirel's Distillery.
     9 | D        | Found a basalt altar of Yredelemnul.
    11 | D        | Found a corrupted altar of Lugonu.
    12 | D        | Found a glowing silver altar of Zin.
    12 | D        | Found a shimmering altar of Xom.
    12 | D        | Found Folizuch's Staff Store.
    12 | D        | Found Dekax's Magic Scroll Shop.
    13 | D        | Found Omaegal's Must-Have Magic.
    13 | D        | Found Udaitonk's Magic Scroll Shop.
    17 | D        | Found a deep blue altar of Sif Muna.
    18 | D        | Found a blossoming altar of Fedhas.
    19 | D        | Found a burning altar of Makhleb.
    20 | D        | Found Mesucatt's Bee Food.
    21 | D        | Found Dagudeh's Jewellery.
    21 | D        | Found Nolydiog's Advanced Armour.
    21 | D        | Found a viscous altar of Jiyva.
    21 | D        | Found an opulent altar of Gozag.
    21 | D        | Found Muhusiot's Identification Station.
    27 | D        | Became a worshipper of Makhleb the Destroyer
    33 | D        | Reached skill level 1 in Dodging
    33 | D        | Reached skill level 1 in Spellcasting
    33 | D        | Reached skill level 1 in Evocations
    33 | D        | Reached XP level 2. HP: 19/19 MP: 1/3
    40 | D        | Found a stormy altar of Qazlal.
    42 | D        | Found Tyru's Premium Goods.
    43 | D        | Found a bloodstained altar of Trog.
    43 | D        | Found Uraor's Weapon Rack.
    43 | D        | Found Qokaru's Miscellaneous Merchandise.
    43 | D        | Found Kouripn's Basic Armour.
    89 | D        | Reached XP level 3. HP: 11/24 MP: 3/6
   117 | D        | Reached * piety under Makhleb
   117 | D        | Reached XP level 4. HP: 30/30 MP: 6/8
   124 | D        | Noticed Crazy Yiuf
   134 | D        | Killed Crazy Yiuf
   134 | D        | Arena points: 12 (+12) [x2]
   190 | D        | Round 2.
   191 | D        | Noticed a necrophage
   204 | D        | Killed a necrophage
   204 | D        | Reached ** piety under Makhleb
   204 | D        | Reached skill level 5 in Fighting
   204 | D        | Reached skill level 5 in Armour
   204 | D        | Reached skill level 5 in Shields
   204 | D        | Reached XP level 5. HP: 26/35 MP: 8/10
   219 | D        | Noticed a necrophage
   220 | D        | Noticed a necrophage
   232 | D        | Killed a necrophage
   232 | D        | Reached XP level 6. HP: 37/41 MP: 10/12
   235 | D        | Killed a necrophage
   235 | D        | Reached skill level 5 in Axes
   303 | D        | Reached *** piety under Makhleb
   317 | D        | Noticed a necrophage
   322 | D        | Killed a necrophage
   322 | D        | Arena points: 54 (+42) [x3]
   322 | D        | Reached skill level 5 in Spellcasting
   322 | D        | Reached XP level 7. HP: 47/47 MP: 14/14
   372 | D        | Round 3.
   395 | D        | Reached skill level 5 in Evocations
   401 | D        | Noticed a spiny frog
   403 | D        | Noticed a spiny frog
   424 | D        | Mangled by a spiny frog

Skill      XL: |  1  2  3  4  5  6  7 |
---------------+----------------------+-----
Axes           | 2 3 4 5 |  5.4
Dodging        | 1 2 3 4 |  4.7
Spellcasting   | 1 2 3 4 5 |  5.1
Evocations     | 1 2 3 4 5 |  5.0
Fighting       | 4 5 6 7 |  7.0
Armour         | 4 5 6 7 |  7.1
Shields        | 4 5 6 7 |  7.1

Action                   |  1- 3 |  4- 6 |  7- 9 || total
-------------------------+-------+-------+-------++-------
Melee: War axe           |    19 |    41 |    26 ||    86
  Use: Potion            |     1 |       |     4 ||     5
Armor: Scale mail        |     7 |    20 |    10 ||    37
Dodge: Dodged            |     3 |     8 |    16 ||    27
Block: Shield            |    12 |    22 |    18 ||    52
